 Dungeon Crawl Stone Soup version 0.30-a0-870-gc5d4c5acee (webtiles) character file.

Game seed: 14068247359876574994

803 Grim the Chopper (level 8, -1/58 HPs)
             Began as a Formicid Fighter on Mar 11, 2023.
             Slain by a hobgoblin
             ... wielding a +0 scythe
              (10 damage)
             ... on level 5 of the Dungeon.
             The game lasted 00:06:02 (4140 turns).

Grim the Chopper (Formicid Fighter)                 Turns: 4140, Time: 00:06:03

Health: -1/58      AC:  8    Str: 24    XL:     8   Next: 14%
Magic:  8/8        EV:  9    Int:  7    God:
Gold:   197        SH:  5    Dex: 13    Spells: 7/7 levels left

rFire   . . .      SeeInvis +    a - +2 battleaxe (elec)
rCold   . . .      Faith    .    c - +0 buckler
rNeg    . . .      Spirit   .    m - +0 scale mail
rPois   .          Reflect  .    (helmet unavailable)
rElec   .          Rampage  .    (no cloak)
rCorr   .                        (no gloves)
Will    .....                    o - +0 pair of boots Stlth
                                 (no amulet)
HPRegen 0.29/turn                (no ring)
MPRegen 0.11/turn                (no ring)

@: no status effects
A: permanent stasis, dig shafts and tunnels, antennae 3, four strong arms
a: Dig, Shaft Self


You were on level 5 of the Dungeon.
You visited 1 branch of the dungeon, and saw 5 of its levels.

You collected 197 gold pieces.

Inventory:

Hand Weapons
 a - a +2 battleaxe of electrocution (weapon)
 b - a +0 sling
 y - a +0 war axe
Missiles
 e - 11 boomerangs (quivered)
Armour
 c - a +0 buckler (worn)
 m - a +0 scale mail (worn)
 o - a +0 pair of boots (worn)
Wands
 r - a wand of polymorph (7)
 v - a wand of charming (9)
Scrolls
 d - a scroll of noise {unknown}
 i - 2 scrolls of fog {unknown}
 j - 3 scrolls of fear {unknown}
 k - 6 scrolls of identify {unknown}
 l - 3 scrolls of amnesia {unknown}
 n - a scroll of teleportation {unknown}
 u - a scroll of enchant weapon {unknown}
 w - a scroll of blinking {unknown}
 x - a scroll of vulnerability {unknown}
 z - a scroll of immolation {unknown}
 A - a scroll of poison {unknown}
Potions
 f - a potion of berserk rage {unknown}
 g - 2 potions of invisibility {unknown}
 h - 4 potions of curing {unknown}
 p - a potion of ambrosia {unknown}
 q - a potion of brilliance {unknown}
 s - a potion of lignification {unknown}
 t - 4 potions of heal wounds {unknown}
 B - a potion of mutation {unknown}


   Skills:
 - Level 3.2 Fighting
 * Level 7.7 Axes
 - Level 3.2 Armour
 - Level 6.8 Shields


You had 7 spell levels left.
You didn't know any spells.
Your spell library contained the following spells:

 Spells                   Type           Power      Damage    Failure   Level
 Magic Dart               Conj           0%         1d3       80%         1
 Summon Small Mammal      Summ           0%         N/A       80%         1
 Searing Ray              Conj           0%         2d4       90%         2
 Call Canine Familiar     Summ           0%         N/A       99%         3
 Summon Guardian Golem    Hex/Summ       0%         N/A       99%         3
 Fulminant Prism          Conj/Hex       0%         3d5       100%        4
 Borgnjor's Revivificati  Necr           0%         N/A       100%        8
 Necromutation            Tmut/Necr      0%         N/A       100%        8
 Death's Door             Necr           0%         N/A       100%        9


Dungeon Overview and Level Annotations

Branches:
Dungeon (5/15)
 Temple: D:4-7

Altars:
Fedhas
Kikubaaqudgha
Sif Muna


Innate Abilities, Weirdness & Mutations

You cannot be hasted, slowed, berserked, paralysed or teleported.
You can dig through walls and to a lower floor.
You have a pair of large antennae on your head. (SInv)
Your four strong arms can wield two-handed weapons with a shield.


Message History

The hobgoblin hits you from afar with a +0 scythe.
* * * LOW HITPOINT WARNING * * *
You block the hobgoblin's attack. The hobgoblin misses you.
You closely miss the hobgoblin. You completely miss the hobgoblin.
You closely miss the hobgoblin. The hobgoblin barely misses you. x2
The hobgoblin hits you with a +0 scythe.
* * * LOW HITPOINT WARNING * * *
The hobgoblin hits you from afar with a +0 scythe.
* * * LOW HITPOINT WARNING * * *
You block the hobgoblin's attack.
The hobgoblin hits you with a +0 scythe!
* * * LOW HITPOINT WARNING * * *
The hobgoblin attacks as you move away! You block the hobgoblin's attack.
The hobgoblin attacks as you move away! The hobgoblin barely misses you.
The hobgoblin completely misses you. You block the hobgoblin's attack.
The hobgoblin hits you from afar with a +0 scythe.
* * * LOW HITPOINT WARNING * * *
You see here a hound corpse.
Things that are here:
a +0 club; a scorpion corpse
Found 11 gold pieces.
The hobgoblin closely misses you.
You open the door. You block the hobgoblin's attack.
There is an open door here.
The hobgoblin hits you from afar with a +0 scythe!
* * * LOW HITPOINT WARNING * * *
The hobgoblin shouts!
There is an open door here.
The hobgoblin hits you with a +0 scythe.
* * * LOW HITPOINT WARNING * * *
You closely miss the hobgoblin.
The hobgoblin hits you from afar with a +0 scythe.
* * * LOW HITPOINT WARNING * * *
The hobgoblin hits you with a +0 scythe!
* * * LOW HITPOINT WARNING * * *
The hobgoblin barely misses you.
The hobgoblin hits you with a +0 scythe!
* * * LOW HITPOINT WARNING * * *
The hobgoblin hits you from afar with a +0 scythe!
You die...

#......# #.##.#.####
#.#.###....
#########.##.#...##
#gg{.ggg.g......##
#g#######.####.## #g#
#.# #.# #.### #.####.#
#.@.# #.....g## ###.#
#####...## #.##
##g....## #..##
##{#####.#
#######...####.g#..g#..
............{'..#gg.#..
######...####..##'##..
#....## ##....g...
#.#### ##.....#.


You could see 3 hobgoblins.

Vanquished Creatures
  Grinder (D:3)
  An ogre (D:4)
  A phantom (D:5)
  A scorpion (D:5)
  2 hounds (D:5)
  A jelly (D:5)
  2 iguanas
  Natasha (thrice) (D:3)
  2 orc wizards (D:5)
  5 adders
  A white imp (D:5)
  2 dart slugs (D:1)
  2 orcs
  9 ball pythons
  5 bats
  4 endoplasms
  3 giant cockroaches
  6 goblins
  7 hobgoblins
  3 jackals (D:2)
  2 quokkas
  4 frilled lizards
  6 kobolds
  7 rats
80 creatures vanquished.

Vanquished Creatures (others)
  3 plants
  2 withered plants (D:4)
5 creatures vanquished.

Grand Total: 85 creatures vanquished

Notes
Turn   | Place    | Note
-------+----------+-------------------------------------------
     0 | D:1      | Grim the Formicid Fighter began the quest for the Orb.
     0 | D:1      | Reached XP level 1. HP: 18/18 MP: 1/1
   167 | D:1      | Reached XP level 2. HP: 24/24 MP: 2/2
   410 | D:1      | Reached XP level 3. HP: 29/29 MP: 3/3
  1020 | D:2      | Reached skill level 3 in Axes
  1215 | D:2      | Found a faded altar of an unknown god.
  1382 | D:2      | Reached XP level 4. HP: 35/35 MP: 4/4
  1508 | D:2      | Reached skill level 5 in Shields
  1554 | D:2      | Reached skill level 4 in Axes
  1808 | D:3      | Reached XP level 5. HP: 41/41 MP: 5/5
  1951 | D:3      | Noticed Natasha
  1959 | D:3      | Killed Natasha
  2135 | D:3      | Noticed Natasha
  2146 | D:3      | Killed Natasha
  2211 | D:3      | Noticed Natasha
  2218 | D:3      | Killed Natasha
  2275 | D:3      | Noticed Grinder
  2300 | D:3      | Killed Grinder
  2301 | D:3      | Reached skill level 5 in Axes
  2301 | D:3      | Reached XP level 6. HP: 23/47 MP: 6/6
  2301 | D:3      | Reached XP level 7. HP: 26/52 MP: 7/7
  2744 | D:4      | Found a blossoming altar of Fedhas.
  2745 | D:4      | Found an ancient bone altar of Kikubaaqudgha.
  2938 | D:4      | Reached skill level 6 in Axes
  3375 | D:5      | Entered Level 5 of the Dungeon
  3904 | D:5      | Reached skill level 7 in Axes
  3951 | D:5      | Reached XP level 8. HP: 58/58 MP: 8/8
  3974 | D:5      | Found a shimmering blue altar of Sif Muna.
  4140 | D:5      | Slain by a hobgoblin

Illustrated notes

Levels and vault maps discovered:
D:1:      heliophobic_arrival_battle_scene, layout_loops_corners, serial_forest,
          infiniplex_forest_clump_curved, infiniplex_forest_clump_long,
          infiniplex_forest_clump_cross, infiniplex_forest_join,
          infiniplex_forest_lined_room_2, infiniplex_forest_lined_corner,
          infiniplex_forest_lined_corner, wander_ebering_terrifying_dragon_lair
D:2:      layout_basic, basic_ecumenical_altar
D:3:      layout_basic, serial_forest, infiniplex_forest_clump_double,
          infiniplex_forest_pool, infiniplex_forest_lined_corner,
          infiniplex_forest_corner_2, infiniplex_forest_clump_small,
          infiniplex_forest_diagonal, infiniplex_forest_straight_3,
          uniq_grinder, uniq_natasha
D:4:      minmay_wonky_spiral, layout_basic,
          grunt_temple_overflow_growth_and_decay, abandoned_shop,
          roderic_st_hans_cross
D:5:      layout_loops_corners, kennysheep_orc_sif_temple, sigmund_army

Skill      XL: |  1  2  3  4  5  6  7 |
---------------+----------------------+-----
Axes           | 3 4 5 7 |  7.7
Shields        | 5 6 |  6.8
Fighting       | |  3.2
Armour         | |  3.2

Action                     |  1- 3 |  4- 6 |  7- 9 || total
---------------------------+-------+-------+-------++-------
  Melee: War axe           |    91 |    59 |    29 ||   179
         Battleaxe         |       |       |    28 ||    28
   Fire: Sling             |     4 |    52 |    12 ||    68
  Throw: Boomerang         |     2 |       |       ||     2
Ability: Dig               |     1 |       |       ||     1
    Use: Potion            |       |     1 |       ||     1
 Armour: Scale mail        |    61 |    31 |    14 ||   106
  Dodge: Dodged            |    45 |    26 |    31 ||   102
  Block: Buckler           |    29 |    14 |    21 ||    64

Table legend: (Time is in decaauts)
 A = Elapsed time spent in this place.
 B = Non-inter-level travel time spent in this place.
 C = Inter-level travel time spent in this place.
 D = Time resting spent in this place.
 E = Time spent auto-exploring this place.
 F = Levels seen in this place.
 G = Mean time per level.
                   A        B        C        D        E       F      G
               +--------+--------+--------+--------+--------+-----+--------+
         Total |   4227 |   4117 |    110 |    330 |   2963 |   5 |  845.4 |
       Dungeon |   4227 |   4117 |    110 |    330 |   2963 |   5 |  845.4 |
               +--------+--------+--------+--------+--------+-----+--------+

Top non-repeatable levels by time:
     D:3: 1053 daAuts
     D:1: 1032 daAuts
     D:5: 776 daAuts
     D:2: 699 daAuts
     D:4: 665 daAuts
